 Dungeon Crawl Stone Soup version 0.29.1-1-gd02db6906a (webtiles) character file.

Game seed: 14989080546657905662

19768 MisterFreud the Peltast (level 13, -10/103 HPs)
             Began as a Formicid Gladiator on Sept 27, 2022.
             Was a High Priest of Yredelemnul.
             Mangled by Mesmaeker13's ghost (25 damage)
             ... on level 12 of the Dungeon.
             The game lasted 00:22:11 (13058 turns).

MisterFreud the Peltast (Formicid Gladiator)       Turns: 13058, Time: 00:22:12

Health: -10/103    AC: 10    Str: 30    XL:     13   Next: 7%
Magic:  15/15      EV: 12    Int: 16    God:    Yredelemnul [*****.]
Gold:   1138       SH: 23    Dex: 24    Spells: 12/12 levels left

rFire   . . .      SeeInvis +   M - +10 quarterstaff of Righteous Anger {vorpal, Drain rElec Int+4 Dex+7}
rCold   . . .      Faith    +   K - +2 tower shield of Shielding {Regen+ Int+4 Slay+3}
rNeg    . . .      Spirit   .   T - +0 troll leather armour
rPois   .          Reflect  .   (helmet unavailable)
rElec   +          Harm     .   z - +0 cloak
rCorr   +          Rampage  .   O - +0 pair of gloves of Ihidihap {rCorr Str+2 SInv}
Will    +....                   t - +0 pair of boots
Stlth   ++........              x - amulet of faith
HPRegen 1.87/turn               n - +4 ring of slaying
MPRegen 0.14/turn               D - +6 ring of strength

@: studying 2 skills
A: permanent stasis, dig shafts and tunnels, antennae 3, four strong arms
a: Dig, Shaft Self, Renounce Religion, Recall Undead Harvest, Dark Bargain,
Drain Life, Bind Soul


You were on level 12 of the Dungeon.
You worshipped Yredelemnul.
Yredelemnul was noncommittal.
You visited 2 branches of the dungeon, and saw 13 of its levels.
You visited the Abyss 1 time.
You also visited: Bailey.

You collected 1138 gold pieces.

Inventory:

Hand Weapons
 y - a +4 quarterstaff of chaos
 M - the +10 quarterstaff of Righteous Anger (weapon) {vorpal, Drain rElec Int+4 Dex+7}
   (You acquired it on level 8 of the Dungeon)

   It inflicts extra damage upon your enemies.
   Int:       It affects your intelligence (+4).
   Dex:       It affects your dexterity (+7).
   rElec:     It insulates you from electricity.
   Drain:     It drains your maximum health when unequipped.
Missiles
 c - 4 throwing nets
 d - 5 javelins
 m - 18 boomerangs
 v - 32 poisoned darts (quivered)
 S - a curare-tipped dart
 W - 3 silver boomerangs
Armour
 t - a +0 pair of boots (worn)
 z - a +0 cloak (worn)
 K - the +2 tower shield of Shielding (worn) {Regen+ Int+4 Slay+3}
   (You acquired it on level 8 of the Dungeon)

   Int:       It affects your intelligence (+4).
   Slay:      It affects your accuracy & damage with ranged weapons and melee
   (+3).
   Regen:     It increases your rate of health regeneration.
 O - the +0 pair of gloves of Ihidihap (worn) {rCorr Str+2 SInv}
   (You acquired it on level 10 of the Dungeon)

   Str:       It affects your strength (+2).
   SInv:      It lets you see invisible.
   rCorr:     It protects you from acid and corrosion.
 T - a +0 troll leather armour (worn)
 U - a +0 chain mail of cold resistance
Jewellery
 a - the amulet of the Bashing Gods {Spirit rPois rC++ Str+2 Int+2}
   (You found it on level 12 of the Dungeon)

   [amulet of guardian spirit]

   It causes incoming damage to be divided between your reserves of health and
   magic.
   Str:       It affects your strength (+2).
   Int:       It affects your intelligence (+2).
   rC:        It greatly protects you from cold.
   rPois:     It protects you from poison.
 n - a +4 ring of slaying (left hand)
 x - an amulet of faith (around neck)
 C - a ring of flight
 D - a +6 ring of strength (right hand)
 G - a +6 ring of strength
 L - an amulet of the acrobat
Wands
 i - a wand of iceblast (19)
 s - a wand of flame (27)
 Q - a wand of quicksilver (5)
 Y - a wand of charming (6)
Scrolls
 b - 2 scrolls of immolation {unknown}
 f - 4 scrolls of butterflies
 g - a scroll of noise {unknown}
 l - 3 scrolls of amnesia
 r - 4 scrolls of magic mapping
 E - a scroll of silence
 F - a scroll of poison {unknown}
 H - 3 scrolls of brand weapon {unknown}
 N - a scroll of vulnerability
 R - 2 scrolls of enchant armour {unknown}
 V - a scroll of enchant weapon
 X - a scroll of identify
Potions
 e - 2 potions of brilliance
 h - 4 potions of might
 j - 3 potions of haste
 k - 5 potions of lignification
 o - a potion of flight
 p - a potion of degeneration
 q - 4 potions of resistance
 u - 4 potions of curing
 w - 5 potions of mutation
 A - 2 potions of heal wounds
 B - 4 potions of berserk rage
 P - 2 potions of cancellation
 Z - a potion of ambrosia
Miscellaneous
 I - a lightning rod (4/4)


   Skills:
 - Level 10.0 Fighting
 + Level 14.5 Staves
 - Level 2.0 Throwing
 - Level 10.0 Armour
 - Level 2.6 Dodging
 - Level 15.0 Shields
 + Level 3.2 Invocations
 - Level 5.0 Evocations


You had 12 spell levels left.
You didn't know any spells.
Your spell library contained the following spells:

 Spells                   Type           Power      Damage    Failure   Level
 Foxfire                  Conj/Fire      0%         2x1d4     58%         1
 Shock                    Conj/Air       0%         1d3       58%         1
 Summon Small Mammal      Summ           0%         N/A       58%         1
 Sublimation of Blood     Necr           0%         N/A       73%         2
 Wereblood                Tmut           0%         N/A       73%         2
 Call Canine Familiar     Summ           0%         N/A       91%         3
 Conjure Flame            Conj/Fire      0%         6-21      91%         3
 Inner Flame              Hex/Fire       0%         N/A       91%         3
 Summon Guardian Golem    Hex/Summ       0%         N/A       91%         3
 Airstrike                Air            0%         2d(0-16)  100%        4
 Flame Wave               Conj/Fire      0%         2d4       100%        4
 Summon Hydra             Summ           0%         N/A       100%        7
 Swiftness                Air            Unusable   N/A       N/A         3

Dungeon Overview and Level Annotations

Branches:
Dungeon (12/15)            Temple (1/1) D:4            Lair (0/5) D:9
    Orc (0/2) D:11         Bailey (visited)

Altars:
Ashenzari
Cheibriados
Dithmenos
Elyvilon
Fedhas
Gozag
Hepliaklqana
Kikubaaqudgha
Makhleb
Nemelex Xobeh
Okawaru
Qazlal
Ru
Sif Muna
Trog
Uskayaw
Vehumet
Wu Jian
Xom
Yredelemnul
Zin
The Shining One

Annotations:
D:12 1 transporter, Mesmaeker13's ghost, journeyman OgAK


Innate Abilities, Weirdness & Mutations

You cannot be hasted, slowed, berserked, paralysed or teleported.
You can dig through walls and to a lower floor.
You have a pair of large antennae on your head. (SInv)
Your four strong arms can wield two-handed weapons with a shield.


Message History

You hit Mesmaeker13's ghost but do no damage.
Mesmaeker13's ghost is heavily damaged.
Your killer bee zombie hits Mesmaeker13's ghost but does no damage. x2
The hornet stings something!
Your hornet zombie hits the hornet!
You block Mesmaeker13's ghost's attack.
You hit Mesmaeker13's ghost.
Mesmaeker13's ghost is heavily damaged.
Your killer bee zombie barely misses Mesmaeker13's ghost.
The hornet stings your hornet zombie.
Your hornet zombie closely misses the hornet.
You hit Mesmaeker13's ghost.
Mesmaeker13's ghost is heavily damaged.
Your killer bee zombie closely misses Mesmaeker13's ghost.
You block Mesmaeker13's ghost's attack. The hornet stings your hornet zombie!
Your hornet zombie closely misses the hornet.
Your killer bee zombie hits Mesmaeker13's ghost but does no damage.
You hit Mesmaeker13's ghost.
Mesmaeker13's ghost is heavily damaged.
The hornet stings your hornet zombie. Mesmaeker13's ghost hits you!!
Your killer bee zombie closely misses Mesmaeker13's ghost.
You bludgeon Mesmaeker13's ghost!!
Mesmaeker13's ghost is severely damaged.
Your hornet zombie misses the hornet.
Your killer bee zombie hits Mesmaeker13's ghost.
The hornet barely misses your hornet zombie.
You hit Mesmaeker13's ghost but do no damage.
Mesmaeker13's ghost is severely damaged.
Your killer bee zombie barely misses Mesmaeker13's ghost.
Your hornet zombie hits the hornet but does no damage.
The hornet stings your hornet zombie! Mesmaeker13's ghost hits you!!!
* * * LOW HITPOINT WARNING * * *
Unknown command.
You sock Mesmaeker13's ghost!
Mesmaeker13's ghost is almost destroyed.
Your killer bee zombie hits Mesmaeker13's ghost but does no damage.
Your hornet zombie barely misses the hornet.
The hornet barely misses your hornet zombie.
Mesmaeker13's ghost hits you!!
You die...
Your body rises from the dead as a mindless zombie.

........Z{.{+..Z............>#...
.....[......##.####.#############
............##.## #.# ########
............##..# #.# #..ZZ.ZZ
............###.###.#### #.######
...............©...Z.Z.###Z#
....)##..#############..##Z#
...).#..#####..ZZZ#####ZZ#Z#
....)#.###...#.Z@#{{.###.#.#
####.#.##..#..###Wy#..##.#.#
#...###.#.#..{#ZZ.###Z#.# ##...#
###..#.{#####{...# ##.###...#
..#...###{..#
#.##{.#).###y.#..##.#.#
#.###.#.#..{#!..###...#
#..#####|?©"[#####.Z#.#
##..#############..#..#


You could see a hornet (distracted, ally target), Mesmaeker13's ghost (ally
target), a friendly killer bee zombie, a friendly hornet zombie, a friendly
boulder beetle zombie, a friendly ugly thing zombie, a friendly two-headed ogre
zombie and a friendly troll zombie.

Vanquished Creatures
  An orc warlord (Bailey)
  2 boulder beetles (D:12)
  3 hydras
  3 two-headed ogres
  A thrashing horror (Abyss:1)
  Pikel (D:9)
  A deep elf pyromancer (D:12)
  2 ugly things
  2 cyclopes (D:11)
  Maurice (D:11)
  3 gargoyles (D:12)
  A naga zombie (Abyss:1)
  A kobold demonologist (D:9)
  An unseen horror (D:6)
  A komodo dragon (D:9)
  6 trolls
  2 hornets
  A large abomination (Abyss:1)
  A shadow (D:10)
  A ynoxinul (Abyss:1)
  A wraith (D:10)
  A wyvern (D:9)
  A basilisk (D:12)
  2 water elementals (D:11)
  4 yaks (D:10)
  Grum (D:9)
  3 steam dragons
  A chaos spawn (Abyss:1)
  A neqoxec (Abyss:1)
  An acid dragon (D:11)
  2 sky beasts
  2 ice beasts
  7 orc warriors
  4 ogres
  4 centaurs
  A phantom (D:5)
  4 wolves (D:9)
  2 kobold brigands
  4 bullfrogs
  A necrophage (D:5)
  3 small abominations (Abyss:1)
  3 killer bees (D:12)
  4 electric eels (D:11)
  3 howler monkeys (D:8)
  2 jellies (D:5)
  An iron imp (Abyss:1)
  4 hounds
  2 gnoll boudas
  5 orc priests
  Crazy Yiuf (D:5)
  2 iguanas
  6 orc wizards
  13 gnolls
  10 adders
  A white imp (D:5)
  A worm (D:4)
  4 dart slugs
  23 orcs
  2 bats
  3 endoplasms
  4 giant cockroaches
  6 goblins
  9 hobgoblins
  7 jackals
  5 quokkas
  6 ball pythons
  4 frilled lizards
  25 kobolds
  4 rats
245 creatures vanquished.

Vanquished Creatures (collateral kills)
  An ugly thing (D:12)
  An orc warrior (D:11)
  A killer bee (D:12)
3 creatures vanquished.

Vanquished Creatures (others)
  A troll zombie (D:11)
  A killer bee zombie (D:12)
  3 spectral electric eels (D:11)
  3 orc zombies
  A kobold zombie (D:8)
  2 fungi (D:1)
  A lurking horror (Abyss:1)
  5 plants
17 creatures vanquished.

Grand Total: 265 creatures vanquished

Notes
Turn   | Place    | Note
-------+----------+-------------------------------------------
     0 | D:1      | MisterFreud the Formicid Gladiator began the quest for the
                  | Orb.
     0 | D:1      | Reached XP level 1. HP: 16/16 MP: 1/1
    57 | D:1      | Reached XP level 2. HP: 17/22 MP: 2/2
   337 | D:1      | Reached skill level 1 in Shields
   339 | D:1      | Reached XP level 3. HP: 23/27 MP: 3/3
   443 | D:1      | Found a faded altar of an unknown god.
   801 | D:2      | Found a shimmering altar of Xom.
   921 | D:2      | Reached skill level 2 in Shields
  1277 | D:2      | Reached XP level 4. HP: 30/33 MP: 4/4
  1885 | D:3      | Reached skill level 3 in Shields
  1885 | D:3      | Reached XP level 5. HP: 29/38 MP: 5/5
  2626 | D:3      | Found an opulent altar of Gozag.
  2629 | D:3      | Found an ornate altar of the Wu Jian Council.
  2657 | D:4      | Noticed an ogre
  2911 | D:4      | Reached skill level 4 in Shields
  3058 | D:4      | Reached skill level 5 in Staves
  3058 | D:4      | Reached XP level 6. HP: 32/44 MP: 6/6
  3330 | D:4      | Reached skill level 1 in Armour
  3444 | D:4      | Killed an ogre
  3445 | D:4      | Reached skill level 5 in Shields
  3619 | D:4      | Found a staircase to the Ecumenical Temple.
  3807 | D:4      | Reached XP level 7. HP: 11/50 MP: 7/7
  3831 | Temple   | Entered the Ecumenical Temple
  4351 | D:4      | Found a sacrificial altar of Ru.
  4381 | D:5      | Entered Level 5 of the Dungeon
  4628 | D:5      | Reached skill level 6 in Shields
  4671 | D:5      | Reached skill level 5 in Armour
  5087 | D:5      | Reached XP level 8. HP: 12/58 MP: 8/8
  5791 | D:5      | Reached skill level 5 in Fighting
  6039 | D:5      | Found a runed translucent door.
  6040 | D:5      | Noticed Crazy Yiuf
  6277 | D:5      | Killed Crazy Yiuf
  6594 | D:6      | Noticed an unseen horror
  6617 | D:6      | Killed an unseen horror
  6618 | D:6      | Reached skill level 7 in Shields
  6618 | D:6      | Reached XP level 9. HP: 30/69 MP: 9/9
  6929 | D:6      | Noticed a +0 spear
  6929 | D:6      | Noticed a +0 short sword
  6929 | D:6      | Noticed a +0 dagger
  6931 | D:6      | Noticed a +0 falchion
  6931 | D:6      | Noticed a +0 dagger
  6931 | D:6      | Noticed a +0 spear
  6933 | D:6      | Noticed a +0 short sword
  6933 | D:6      | Noticed a +0 falchion
  7148 | D:6      | Reached skill level 8 in Shields
  7272 | D:6      | Found a hide-covered altar of Uskayaw.
  7640 | D:7      | Found a shimmering blue altar of Sif Muna.
  7647 | D:7      | Found a white marble altar of Elyvilon.
  7647 | D:7      | Found a sparkling altar of Nemelex Xobeh.
  7944 | D:8      | Reached skill level 9 in Shields
  8104 | D:8      | Noticed a troll
  8110 | D:8      | Killed a troll
  8447 | D:8      | Found a flagged portal.
  8458 | D:8      | Reached skill level 10 in Shields
  8465 | Bailey   | Entered a bailey
  8470 | Bailey   | Noticed an orc warlord
  8536 | Bailey   | Reached XP level 10. HP: 74/76 MP: 10/10
  8625 | Bailey   | Found a runed translucent gate.
  8626 | Bailey   | Found a runed translucent gate.
  8627 | Bailey   | Found a runed translucent gate.
  8653 | Bailey   | Acquired 328 gold pieces
  8705 | Bailey   | Killed an orc warlord
  8706 | Bailey   | Reached skill level 10 in Staves
  8751 | D:8      | Acquired the +10 quarterstaff of Righteous Anger {vorpal,
                  | Drain rElec Int+4 Dex+7}
  8753 | D:8      | Acquired the +2 tower shield of Shielding {Regen+ Int+4
                  | Slay+3}
  9353 | D:9      | Noticed Grum
  9365 | D:9      | Killed Grum
  9366 | D:9      | Noticed a kobold demonologist
  9376 | D:9      | Noticed a sixfirhy
  9381 | D:9      | Killed a kobold demonologist
  9469 | D:9      | Noticed Pikel
  9479 | D:9      | Killed Pikel
  9480 | D:9      | Reached skill level 10 in Fighting
  9480 | D:9      | Reached skill level 1 in Evocations
  9480 | D:9      | Reached XP level 11. HP: 90/90 MP: 11/11
  9537 | D:9      | Noticed a two-headed ogre
  9547 | D:9      | Killed a two-headed ogre
  9678 | D:9      | Found a blossoming altar of Fedhas.
  9896 | D:9      | Found a staircase to the Lair.
  9912 | D:9      | Reached skill level 11 in Shields
 10089 | D:9      | Found a hazy altar of Hepliaklqana.
 10182 | D:10     | Entered Level 10 of the Dungeon
 10234 | D:10     | Noticed a four-headed hydra
 10244 | D:10     | Killed a four-headed hydra
 10483 | D:10     | Noticed a two-headed ogre
 10489 | D:10     | Killed a two-headed ogre
 10629 | D:10     | Found a shadowy altar of Dithmenos.
 10634 | D:10     | Reached skill level 5 in Evocations
 10694 | D:10     | Found a basalt altar of Yredelemnul.
 10786 | D:10     | Became a worshipper of Yredelemnul the Dark
 10849 | D:10     | Reached * piety under Yredelemnul
 10897 | D:10     | Acquired the +0 pair of gloves of Ihidihap {rCorr Str+2
                  | SInv}
 10904 | D:10     | Acquired a manual of Staves
 11085 | D:11     | Noticed a four-headed hydra
 11088 | D:11     | Reached skill level 10 in Armour
 11088 | Abyss:1  | Cast into level 1 of the Abyss (orc warrior)
 11259 | Abyss:1  | Reached skill level 12 in Shields
 11419 | Abyss:1  | Noticed a thrashing horror
 11422 | Abyss:1  | Killed a thrashing horror
 11423 | Abyss:1  | Reached XP level 12. HP: 97/97 MP: 12/12
 11457 | D:11     | Escaped the Abyss
 11509 | D:11     | Reached ** piety under Yredelemnul
 11641 | D:11     | Reached skill level 13 in Shields
 11651 | D:11     | Killed a four-headed hydra
 11661 | D:11     | Reached *** piety under Yredelemnul
 11927 | D:11     | Noticed Maurice
 11934 | D:11     | Killed Maurice
 11963 | D:11     | Found a staircase to the Orcish Mines.
 11977 | D:11     | Reached **** piety under Yredelemnul
 12196 | D:12     | Noticed a boulder beetle
 12210 | D:12     | Killed a boulder beetle
 12211 | D:12     | Reached skill level 14 in Shields
 12241 | D:12     | Identified the +0 robe of Doubice {rElec rC+ Int+3}
 12257 | D:12     | Noticed a boulder beetle
 12266 | D:12     | Killed a boulder beetle
 12341 | D:12     | Noticed a five-headed hydra
 12348 | D:12     | Killed a five-headed hydra
 12477 | D:12     | Noticed a two-headed ogre
 12486 | D:12     | Killed a two-headed ogre
 12486 | D:12     | Reached ***** piety under Yredelemnul
 12487 | D:12     | Reached skill level 15 in Shields
 12487 | D:12     | Reached skill level 1 in Invocations
 12488 | D:12     | Identified the amulet of the Bashing Gods {Spirit rPois
                  | rC++ Str+2 Int+2}
 12547 | D:12     | Found a transporter.
 12552 | D:12     | Found a transporter.
 12553 | D:12     | Noticed Mesmaeker13's ghost (journeyman OgAK)
 12582 | D:12     | Reached XP level 13. HP: 103/103 MP: 14/14
 13032 | D:12     | Reached ****** piety under Yredelemnul
 13058 | D:12     | Mangled by Mesmaeker13's ghost

Illustrated notes

Levels and vault maps discovered:
D:1:      beargit_arrival_greenhouse, layout_rooms,
          shapermc_ecumenical_altar_mp_urbaneastern, minmay_pentomino_s2
D:2:      layout_loops_ring, basic_altar, minmay_puff
D:3:      layout_basic, minitemple, minmay_cut_off
D:4:      dreamdust_elfheim, layout_gridville, nicolae_ru_path_of_blood,
          temple_doors_ab, minmay_manual_monstrance
D:5:      layout_loops_ring, dk_noncrumbling_2, uniq_crazy_yiuf_cottage
D:6:      layout_basic, nicolae_uskayaw_en_pointe
D:7:      layout_rooms, grunt_temple_overflow_open, minivault_11
D:8:      layout_loops_ring, enter_bailey_8
D:9:      layout_small_grid, lemuel_coloured_pillars_altar, fedhas_altar_1,
          david_lair_shrubbed, uniq_grum, uniq_pikel
D:10:     layout_layer_cave, grunt_dithmenos_shadows, kennysheep_mini_moat,
          nrook_campfire, nicolae_water_bricks
D:11:     layout_basic, orc_0_dummy, uniq_maurice
D:12:     layout_basic, gammafunk_ghost_hive
Temple:   hellmonk_temple_of_storms

Skill      XL: |  1  2  3  4  5  6  7  8  9 10 11 12 13 |
---------------+----------------------------------------+-----
Shields        | 1 2 3 4 5 6 7 10 12 15 | 15.0
Staves         | 4 5 6 8 10 11 14 | 14.5
Armour         | 2 6 10 | 10.0
Fighting       | 3 6 10 | 10.0
Evocations     | 1 5 |  5.0
Invocations    | 2 3 |  3.2
Throwing       | |  2.0
Dodging        | |  2.6

Action                   |  1- 3 |  4- 6 |  7- 9 | 10-12 | 13-15 || total
-------------------------+-------+-------+-------+-------+-------++-------
Melee: Quarterstaff      |    94 |   159 |   234 |   266 |    37 ||   790
Throw: Boomerang         |       |     5 |       |       |       ||     5
       Dart              |       |     5 |     8 |    12 |       ||    25
Evoke: Wand              |       |       |       |    11 |       ||    11
  Use: Scroll            |    10 |     4 |     2 |    12 |       ||    28
       Potion            |       |     2 |       |     1 |       ||     3
 Stab: Sleeping          |       |     3 |       |     1 |     1 ||     5
       Distracted        |       |       |       |     2 |       ||     2
Armor: Leather armour    |    13 |    24 |    35 |    22 |       ||    94
       Troll leather arm |       |       |       |    18 |     2 ||    20
Dodge: Dodged            |    66 |    65 |    95 |    81 |     1 ||   308
Block: Kite shield       |    33 |    74 |   130 |    13 |       ||   250
       Tower shield      |       |       |       |   279 |    21 ||   300
